 Seeded DCSS version 0.27.1-35-g4d5d836560 (webtiles) character file.

Game seed: 123123 (custom seed)

28 codytheliberalslayer the Grave Robber (level 3, 0/24 HPs)
             Began as a Demonspawn Necromancer on Aug 16, 2022.
             Slain by Natasha (2 damage)
             ... on level 2 of the Dungeon.
             The game lasted 00:13:05 (1721 turns).

codytheliberalslayer the Grave Robber (DsNe)        Turns: 1721, Time: 00:13:07

Health: 0/24       AC:  3    Str:  5 (8)  XL:     3   Next: 0%
Magic:  4/6        EV: 12    Int: 14 (17) God:
Gold:   34         SH:  0    Dex: 12 (13) Spells: 6/7 levels left

rFire    . . .     SeeInvis .   b - +0 whip
rCold    . . .     Faith    .   (no shield)
rNeg     . . .     Spirit   .   a - +0 robe
rPois    .         Reflect  .   g - +0 helmet
rElec    .         Harm     .   (no cloak)
rCorr    .         Rampage  .   (no gloves)
Will     .....                  (no boots)
Stlth    ++........             (no amulet)
HPRegen  0.08/turn              (no ring)
MPRegen  0.10/turn              (no ring)

@: mighty
A: hooves 1, ignite blood 1
a: no special abilities


You were on level 2 of the Dungeon.
You visited 1 branch of the dungeon, and saw 2 of its levels.

You collected 34 gold pieces.

Inventory:

Hand Weapons
 b - a +0 whip (weapon)
Missiles
 c - 25 sling bullets
 e - 18 bolts
 f - 7 stones
Armour
 a - a +0 robe (worn)
 g - a +0 helmet (worn)
Potions
 d - a potion of degeneration
 i - a potion of brilliance {unknown}


   Skills:
 + Level 0.4 Maces & Flails
 + Level 1.8 Dodging
 + Level 1.8 Stealth
 + Level 2.5 Spellcasting
 + Level 4.9 Necromancy


You had 6 spell levels left.
You knew the following spells:

 Your Spells              Type           Power      Damage    Failure   Level
a - Pain                  Necr           60%        1d7       3%          1

Your spell library contained the following spells:

 Spells                   Type           Power      Damage    Failure   Level
 Animate Skeleton         Necr           30%        N/A       3%          1
 Vampiric Draining        Necr           7%         2d7       9%          3
 Animate Dead             Necr           7%         N/A       30%         4
 Agony                    Necr           15%        N/A       63%         5


Dungeon Overview and Level Annotations

Branches:
Dungeon (2/15)

Altars:

Annotations:
D:2 Natasha


Innate Abilities, Weirdness & Mutations

You have large cloven feet.
Your demonic aura sometimes causes spilled blood to erupt in flames.


Message History

Press: ? - help, Dir - move target, f - Natasha
Aim: Natasha (asleep, about 2% to evade your +0 whip)
Your weapon can't reach that far!
Okay, then.
Press: ? - help, v - describe, . - travel
Here: Natasha (asleep)
The floor.
There are monsters nearby!
Hit: b) +0 whip
Press: ? - help, Dir - move target, p - Natasha Your weapon can't reach that far!
Okay, then.
Press: ? - help, . - travel You can't see that place.
Found a stone staircase leading up.
Natasha hisses angrily.
Natasha casts a spell at you. The magic dart hits you!
The dart slug launches a dart at you. The slug dart hits you.
The kobold throws a stone.
The stone closely misses you.
Aiming: Pain (safe; 3% risk of failure)
Press: ? - help, Q - select action, (/) - cycle Shift-Dir - straight line, f/p - Natasha
Aim: Natasha (chance to affect: 73%) Natasha writhes in agony.
The kobold throws a stone.
The stone hits you. Natasha claws you but does no damage.
You barely miss Natasha.
Natasha is lightly wounded.
Natasha barely misses you.
Aiming: Pain (safe; 3% risk of failure)
Press: ? - help, Q - select action, (/) - cycle Shift-Dir - straight line, f/p - Natasha
Aim: Natasha (lightly wounded, chance to affect: 73%) Natasha struggles to resist.
Natasha claws you.
* * * LOW HITPOINT WARNING * * *
It was a potion of might.
You feel very mighty all of a sudden. Natasha claws you.
You die...

#........#.
#......$..
##.......#
........# #
#.####.....#.#
#....<.w.....#
#.......K#.#####
#...####h.......
#.. #@######. #.
#<# # #.# #.#
#.# ... #.# #.#


You could see Natasha, a dart slug and a kobold.

Vanquished Creatures
  4 ball pythons (D:1)
  3 endoplasms (D:1)
  4 giant cockroaches (D:1)
  4 goblins (D:1)
  2 hobgoblins (D:1)
  2 kobolds (D:1)
  2 bats (D:1)
  2 frilled lizards (D:1)
  2 rats (D:1)
25 creatures vanquished.

Notes
Turn   | Place    | Note
-------+----------+-------------------------------------------
     0 | D:1      | codytheliberalslayer the Demonspawn Necromancer began the
                  | quest for the Orb.
     0 | D:1      | Reached XP level 1. HP: 13/13 MP: 3/3
   272 | D:1      | Gained mutation: Your demonic aura sometimes causes spilled
                  | blood to erupt in flames. [demonic ancestry]
   272 | D:1      | Reached XP level 2. HP: 14/19 MP: 3/5
  1582 | D:1      | Gained mutation: You have large cloven feet. [demonic
                  | ancestry]
  1582 | D:1      | Reached XP level 3. HP: 19/24 MP: 2/6
  1710 | D:2      | Noticed Natasha
  1721 | D:2      | Slain by Natasha

Illustrated notes

Levels and vault maps discovered:
D:1:      sevenhm_arrival_forest_fort_large_1, layout_rooms
D:2:      layout_loops_ring, dreamdust_ecumenical_altar_drowned_temple,
          serial_shops, shop, minmay_pentomino_x2, uniq_natasha

Action                   || total
-------------------------++-------
Melee: Club              ||    11
       Whip              ||     6
 Cast: Pain              ||    39
  Use: Potion            ||     2
Armor: Robe              ||     8
Dodge: Dodged            ||    27
